 Dungeon Crawl Stone Soup version 0.22-a0-252-gcace5d2 (webtiles) character file.

63 JeffiDaFish the Magician (level 3, -3/26 HPs)
             Began as a Draconian Wizard on Mar 1, 2018.
             Slain by a kobold
             ... wielding a +0 short sword
              (7 damage)
             ... on level 2 of the Dungeon.
             The game lasted 00:07:48 (2055 turns).

JeffiDaFish the Magician (Draconian Wizard)         Turns: 2055, Time: 00:07:48

Health: -3/26      AC:  5    Str:  9    XL:     3   Next: 89%
Magic:  13/17      EV: 12    Int: 19    God:
Gold:   90         SH:  0    Dex:  9    Spells: 3/9 levels left

rFire    . . .     SeeInvis .   i - +1 spear (freeze)
rCold    . . .     Gourm    .   (no shield)
rNeg     + . .     Faith    .   (armour unavailable)
rPois    .         Spirit   .   a - +0 hat
rElec    .         Reflect  .   (no cloak)
rCorr    .         Harm     .   (no gloves)
MR       .....                  (no boots)
Stlth    ++........             (no amulet)
HPRegen  0.08/turn              d - ring of positive energy
MPRegen  0.15/turn              f - ring of magical power

@: very slightly contaminated
A: unfitting armour, cold-blooded, AC +5
a: no special abilities


You were on level 2 of the Dungeon.
You were not hungry.

You visited 1 branch of the dungeon, and saw 2 of its levels.

You collected 90 gold pieces.

Inventory:

Hand Weapons
 g - a +0 halberd
 i - a +1 spear of freezing (weapon)
Armour
 a - a +0 hat (worn)
Jewellery
 d - a ring of positive energy (left hand)
 f - a ring of magical power (right hand)
Scrolls
 h - a scroll of identify
Comestibles
 b - 2 chunks of flesh
 c - 3 rations


   Skills:
 - Level 1.7 Dodging
 - Level 1.7 Stealth
 + Level 3.8 Spellcasting
 + Level 2.7 Conjurations
   Level 1.0 Summonings
 - Level 1.0 Translocations


You had 3 spell levels left.
You knew the following spells:

 Your Spells              Type           Power        Failure   Level  Hunger
a - Magic Dart            Conj           ##..         4%          1    None
b - Blink                 Tloc           N/A          14%         2    ##.....
c - Mephitic Cloud        Conj/Pois/Air  #.......     28%         3    ###....


Dungeon Overview and Level Annotations

Branches:
Dungeon (2/15)

Altars:


Innate Abilities, Weirdness & Mutations

Your plain brown scales are hard. (AC +5)
You cannot fit into any form of body armour.
You are cold-blooded and may be slowed by cold attacks.


Message History

The magic dart hits the jackal.
You kill the jackal!
The kobold throws a stone.
The stone closely misses you.
You aren't carrying any potions.
Casting: Magic Dart (safe; 4% risk of failure)
Confirm with . or Enter, or press ? or * to list all spells.
Aiming: Magic Dart (safe; 4% risk of failure)
Press: ? - help, Shift-Dir - straight line, f - kobold
Aim: a kobold, wielding a short sword You miscast Magic Dart.
Nothing appears to happen.
The kobold hits you but does no damage.
Casting: Magic Dart (safe; 4% risk of failure)
Confirm with . or Enter, or press ? or * to list all spells.
Aiming: Magic Dart (safe; 4% risk of failure)
Press: ? - help, Shift-Dir - straight line, f/p - kobold
Aim: a kobold, wielding a short sword The magic dart hits the kobold.
The kobold is moderately wounded.
The kobold hits you with a short sword!
You die...

##...## #.#########.###...
###.)#..########.#....Kh...#
####
....###..........#K#.h...(##
###..#..##########§#.####h#
##...## ###l#.#......h.#
##### #..§§K..##.####.#
#K#§#.#..... #K#§#... ..#
#@#......### #.#........
#.##.##..## #(. .. ... ##.
.. .# .. ..


You could see 2 kobolds.

Vanquished Creatures
  A gnoll (D:1)
  An ooze (D:1)
  2 dart slugs
  A leopard gecko (D:2)
  5 bats
  A giant cockroach (D:2)
  5 goblins
  2 hobgoblins (D:1)
  9 jackals
  A ball python (D:2)
  2 frilled lizards (D:1)
  3 kobolds (D:1)
  10 rats
43 creatures vanquished.

Notes
Turn   | Place    | Note
-------+----------+-------------------------------------------
     0 | D:1      | JeffiDaFish the Draconian Wizard began the quest for the Orb.
     0 | D:1      | Reached XP level 1. HP: 14/14 MP: 4/4
   267 | D:1      | Reached XP level 2. HP: 20/20 MP: 6/6
   851 | D:1      | Reached XP level 3. HP: 25/26 MP: 8/8
   978 | D:1      | Learned a level 2 spell: Blink
   982 | D:1      | Learned a level 3 spell: Mephitic Cloud
  2055 | D:2      | Slain by a kobold

Vault maps used:
D:1:      nagdon_arrival_double_spiral, serial_bayou_pond_a,
          columned_hall_lemuel, patterned_corridor

Skill      XL: |  1  2 |
---------------+-------+-----
Conjurations   | 2 |  2.7
Dodging        | |  1.7
Stealth        | |  1.7
Spellcasting   | |  3.8
Summonings     | |  1.0
Translocations | |  1.0

Action                   || total
-------------------------++-------
Melee: Hand axe          ||    17
       Unarmed           ||     2
       Halberd           ||    75
       Tailslap          ||     9
       Spear             ||    37
 Cast: Magic Dart        ||    26
  Use: Scroll            ||    10
       Potion            ||     3
 Stab: Sleeping          ||     8
  Eat: Chunk             ||     4
Armor: Skin              ||    49
Dodge: Dodged            ||   109

Table legend:
 A = Spawn XP
 B = Non-spawn XP
 C = Spawn XP percentage of total XP
 D = Spawn monster count
 E = Non-spawn monster count
 F = Spawn count percentage of total count
 G = Total turns spent on level
                    A         B        C        D         E        F      G
               +---------+---------+-------+---------+---------+-------+---------
         Total |       0 |      91 |   0.0 |       0 |      43 |   0.0 |  2055
               +---------+---------+-------+---------+---------+-------+---------
           D:1 |       0 |      70 |   0.0 |       0 |      32 |   0.0 |  1672
           D:2 |       0 |      21 |   0.0 |       0 |      11 |   0.0 |   383
               +---------+---------+-------+---------+---------+-------+---------
